 Dungeon Crawl Stone Soup version 0.28.0 (webtiles) character file.

Game seed: 8806099812597412469

68 croobank the Skirmisher (level 4, -4/37 HPs)
             Began as a Mummy Abyssal Knight on Feb 8, 2022.
             Was a Believer of Lugonu.
             Slain by an iguana (13 damage)
             ... on level 2 of the Dungeon.
             The game lasted 00:05:20 (2075 turns).

croobank the Skirmisher (Mummy Abyssal Knight)      Turns: 2075, Time: 00:05:21

Health: -4/37      AC:  3    Str: 18    XL:     4   Next: 1%
Magic:  5/5        EV: 11    Int:  9    God:    Lugonu [**....]
Gold:   93         SH:  0    Dex: 12    Spells: 3/3 levels left

rFire   x . .      SeeInvis .   a - +1 hand axe
rCold   + . .      Faith    .   (no shield)
rNeg    + + +      Spirit   .   b - +0 leather armour
rPois   ∞          Reflect  .   (no helmet)
rElec   .          Harm     .   (no cloak)
rCorr   .          Rampage  .   (no gloves)
Will    .....                   (no boots)
Stlth   +.........              (no amulet)
HPRegen 0.12/turn               (no ring)
MPRegen 0.09/turn               (no ring)

@: no status effects
A: cold resistance 1, negative energy resistance 3, torment resistance 2, heat
vulnerability 1, no potions
a: Renounce Religion, Depart the Abyss, Bend Space


You were on level 2 of the Dungeon.
You worshipped Lugonu.
Lugonu was pleased with you.
You visited 1 branch of the dungeon, and saw 2 of its levels.
You visited the Abyss 1 time.

You collected 93 gold pieces.

Inventory:

Hand Weapons
 a - a +1 hand axe (weapon)
 c - a +0 whip
Missiles
 d - 37 stones
 f - 17 bolts
 g - 46 sling bullets
 i - 23 arrows
Armour
 b - a +0 leather armour (worn)
 h - a +0 plate armour
Scrolls
 e - a scroll of identify {unknown}


   Skills:
 + Level 3.7 Fighting
 + Level 2.4 Axes
 + Level 2.0 Armour
 + Level 1.2 Dodging
 + Level 1.5 Invocations


You had 3 spell levels left.
You didn't know any spells.
Your spell library was empty.

Dungeon Overview and Level Annotations

Branches:
Dungeon (2/15)

Altars:


Innate Abilities, Weirdness & Mutations

You are immune to poison.
Your flesh is cold resistant. (rC+)
You are immune to negative energy. (rN+++)
You are immune to unholy pain and torment.
You are vulnerable to heat. (rF-)
You do not drink.


Message History

An iguana comes into view.
Found a stone staircase leading down.
You barely miss the iguana. The iguana closely misses you.
The iguana barely misses you.
You hit the iguana.
The iguana is lightly wounded.
The iguana bites you!
You barely miss the iguana.
The iguana is lightly wounded.
The iguana barely misses you.
You hit the iguana but do no damage.
The iguana is lightly wounded.
The iguana bites you.
You closely miss the iguana.
The iguana is lightly wounded.
The iguana barely misses you.
You hit the iguana but do no damage.
The iguana is lightly wounded.
The iguana bites you. The iguana barely misses you.
You closely miss the iguana.
The iguana is lightly wounded.
The iguana closely misses you.
You hit the iguana.
The iguana is moderately wounded.
The iguana closely misses you.
You barely miss the iguana.
The iguana is moderately wounded.
The iguana misses you.
You slash the iguana!
The iguana is severely wounded.
The iguana closely misses you.
You barely miss the iguana.
The iguana is severely wounded.
The iguana bites you!
You hit the iguana but do no damage.
The iguana is severely wounded.
The iguana bites you.
* * * LOW HITPOINT WARNING * * *
The iguana bites you!
You die...

..####. ........###...
........###.#.....##....
.....#..#..........#....
.....#..#..........#....
..>...............>.....
...................#....
...................#....
...................#....
......l@................
......###..........#####
..... ..........####
.... ########### ... ..
.


You could see an iguana.

Vanquished Creatures
  2 adders (D:2)
  A dart slug (D:2)
  3 bats
  3 endoplasms (D:1)
  5 giant cockroaches
  3 goblins
  3 hobgoblins
  4 jackals (D:1)
  6 kobolds
  2 quokkas (D:2)
  2 ball pythons
  2 frilled lizards (D:1)
  9 rats
  A spectral goblin (D:1)
46 creatures vanquished.

Notes
Turn   | Place    | Note
-------+----------+-------------------------------------------
     0 | Abyss:1  | croobank the Mummy Abyssal Knight began the quest for the
                  | Orb.
     0 | Abyss:1  | Reached XP level 1. HP: 18/18 MP: 2/2
    66 | Abyss:1  | Noticed a smoke demon
    68 | D:1      | Escaped the Abyss
   139 | D:1      | Reached * piety under Lugonu
   354 | D:1      | Reached XP level 2. HP: 24/24 MP: 3/3
   678 | D:1      | Found a faded altar of an unknown god.
  1009 | D:1      | Reached XP level 3. HP: 28/29 MP: 4/4
  1495 | D:2      | Reached skill level 1 in Dodging
  1944 | D:2      | Reached ** piety under Lugonu
  1952 | D:2      | Reached XP level 4. HP: 31/37 MP: 5/5
  2075 | D:2      | Slain by an iguana

Illustrated notes

Levels and vault maps discovered:
D:1:      lightli_arrival_windingriver, layout_loops_ring,
          dreamdust_ecumenical_altar_drowned_temple,
          hangedman_abyss_or_decor_lesser_grid, chequers_serial_rivers_large_b
D:2:      layout_basic

Skill      XL: |  1  2  3 |
---------------+----------+-----
Axes           | 2 |  2.4
Dodging        | 1 |  1.2
Armour         | 2 |  2.0
Fighting       | |  3.7
Invocations    | |  1.5

Action                   |  1- 3 |  4- 6 || total
-------------------------+-------+-------++-------
Melee: Hand axe          |   132 |    12 ||   144
       Punch             |     2 |       ||     2
Invok: Depart the Abyss  |     1 |       ||     1
Armor: Leather armour    |    48 |       ||    48
Dodge: Dodged            |    91 |     9 ||   100
